 Dungeon Crawl Stone Soup version 0.28.0-53-g5a82cb258f (webtiles) character file.

Game seed: 10399858484423350916

233 Peloso the Covered (level 5, 0/47 HPs)
             Began as a Minotaur Fighter on June 14, 2022.
             Killed from afar by a steam dragon (19 damage)
             ... with a ball of steam
             ... on level 4 of the Dungeon.
             The game lasted 00:05:12 (2965 turns).

Peloso the Covered (Minotaur Fighter)               Turns: 2965, Time: 00:05:13

Health: 0/47       AC: 15    Str: 21    XL:     5   Next: 74%
Magic:  4/4        EV:  6    Int:  5    God:
Gold:   25         SH:  5    Dex: 11    Spells: 4/4 levels left

rFire   . . .      SeeInvis .   a - +0 long sword
rCold   . . .      Faith    .   g - +0 buckler
rNeg    . . .      Spirit   .   o - +0 plate armour
rPois   .          Reflect  .   (helmet restricted)
rElec   .          Harm     .   l - +1 cloak {rCorr}
rCorr   +          Rampage  .   (no gloves)
Will    .....                   m - +0 pair of boots
Stlth   ..........              (no amulet)
HPRegen 0.15/turn               (no ring)
MPRegen 0.09/turn               (no ring)

@: no status effects
A: horns 2, retaliatory headbutt
a: no special abilities


You were on level 4 of the Dungeon.
You visited 1 branch of the dungeon, and saw 4 of its levels.

You collected 25 gold pieces.

Inventory:

Hand Weapons
 a - a +0 long sword (weapon)
 b - a +2 hand axe of flaming
 c - a +0 demon trident
Armour
 e - a +0 scale mail
 g - a +0 buckler (worn)
 l - a +1 cloak of preservation (worn)
 m - a +0 pair of boots (worn)
 o - a +0 plate armour (worn)
Scrolls
 f - 3 scrolls of identify {unknown}
 j - a scroll of enchant armour {unknown}
 k - a scroll of fear {unknown}
Potions
 d - a potion of might
 h - a potion of mutation {unknown}
 i - 4 potions of curing {unknown}
 n - a potion of ambrosia {unknown}


   Skills:
 + Level 4.3 Fighting
 + Level 4.3 Long Blades
 + Level 5.0 Armour
 + Level 1.8 Dodging
 + Level 0.4 Stealth
 + Level 4.6 Shields


You had 4 spell levels left.
You didn't know any spells.
Your spell library contained the following spells:

 Spells                   Type           Power      Damage    Failure   Level
 Blink                    Tloc           0%         N/A       100%        2
 Static Discharge         Conj/Air       0%         N/A       100%        2
 Lightning Bolt           Conj/Air       0%         1d11      100%        5
 Maxwell's Capacitive Co  Air            0%         ∞         100%        8


Dungeon Overview and Level Annotations

Branches:
Dungeon (4/15)
 Temple: D:4-7

Altars:
Nemelex Xobeh
Beogh

Annotations:
D:3 3 runed translucent doors, Peloso's ghost, amateur MiFi


Innate Abilities, Weirdness & Mutations

You have a pair of horns on your head.
You reflexively headbutt those who attack you in melee.


Message History

The steam dragon claws you but does no damage.
The phantom barely misses you. The steam dragon breathes steam at you.
The ball of steam hits you!
You barely miss the steam dragon. Your headbutt misses the steam dragon.
The steam dragon is almost dead.
You are engulfed in a cloud of scalding steam.
The phantom hits you but does no damage.
The steam dragon bites you but does no damage.
The steam dragon claws you but does no damage.
You hit the steam dragon.
The steam dragon is almost dead.
The phantom hits you.
The phantom blinks!
You blink.
The steam dragon bites you.
The steam dragon claws you but does no damage.
You closely miss the steam dragon. Your headbutt misses the steam dragon.
The steam dragon is almost dead.
The steam dragon breathes steam at you. The ball of steam hits you.
You barely miss the steam dragon.
The steam dragon is almost dead.
You are engulfed in a cloud of scalding steam.
You block the steam dragon's attack.
The steam dragon claws you but does no damage.
The steam dragon bites you but does no damage.
The steam dragon claws you but does no damage.
You hit the steam dragon but do no damage.
Your headbutt misses the steam dragon.
The steam dragon is almost dead.
The steam dragon barely misses you.
The steam dragon claws you but does no damage.
You barely miss the steam dragon. Your headbutt misses the steam dragon.
The steam dragon is almost dead.
You block the steam dragon's attack. The steam dragon barely misses you.
You closely miss the steam dragon.
You headbutt the steam dragon, but do no damage.
The steam dragon is almost dead.
The steam dragon breathes steam at you. The ball of steam hits you!!
You die...

#........ #........
####........
....................
#......... ..........
.......... .........
.........# #........
....#....####W.......
#..........@DJ.......
.........####........
........§§..§........
######..#####...#####
#.†#####...#
#.<........#
#.#######.## #. .# #.
.#


You could see a steam dragon (catching breath), a phantom and a jelly.

Vanquished Creatures
  A phantom (D:3)
  Crazy Yiuf (D:2)
  An iguana (D:4)
  Jessica (D:2)
  3 adders
  2 dart slugs
  An orc (D:3)
  An endoplasm (D:1)
  5 giant cockroaches
  5 goblins
  3 hobgoblins
  2 jackals (D:3)
  5 kobolds
  2 quokkas
  6 bats
  5 frilled lizards
  5 rats
49 creatures vanquished.

Vanquished Creatures (others)
  A quokka (D:4)
  2 fungi (D:2)
3 creatures vanquished.

Grand Total: 52 creatures vanquished

Notes
Turn   | Place    | Note
-------+----------+-------------------------------------------
     0 | D:1      | Peloso the Minotaur Fighter began the quest for the Orb.
     0 | D:1      | Reached XP level 1. HP: 19/19 MP: 0/0
   318 | D:1      | Reached skill level 4 in Armour
   318 | D:1      | Reached XP level 2. HP: 16/27 MP: 1/1
  1097 | D:2      | Reached XP level 3. HP: 30/33 MP: 2/2
  1146 | D:2      | Noticed Jessica
  1152 | D:2      | Killed Jessica
  1153 | D:2      | Reached skill level 1 in Dodging
  1175 | D:2      | Got Jessica's Grimoire of Orientation
  1230 | D:2      | Reached XP level 4. HP: 40/40 MP: 3/3
  1844 | D:2      | Found a runed translucent door.
  1845 | D:2      | Noticed Crazy Yiuf
  1857 | D:2      | Killed Crazy Yiuf
  2147 | D:3      | Noticed a phantom
  2153 | D:3      | Killed a phantom
  2154 | D:3      | Reached XP level 5. HP: 46/47 MP: 4/4
  2359 | D:3      | Found a runed translucent gate.
  2359 | D:3      | Noticed Peloso's ghost (amateur MiFi)
  2363 | D:3      | Found a runed translucent gate.
  2363 | D:3      | Identified the +2 leather armour of the Devil {Slay+3
                  | Stlth+}
  2364 | D:3      | Found a runed translucent gate.
  2381 | D:3      | Found a faded altar of an unknown god.
  2413 | D:3      | Found a sparkling altar of Nemelex Xobeh.
  2939 | D:4      | Reached skill level 5 in Armour
  2943 | D:4      | Noticed a steam dragon
  2950 | D:4      | Noticed a phantom
  2965 | D:4      | Killed from afar by a steam dragon

Illustrated notes

Levels and vault maps discovered:
D:1:      mrwooster_arrival_statue, layout_basic, chequers_serial_rivers_micro_b
D:2:      layout_loops_corners, kennysheep_jessica_study,
          uniq_crazy_yiuf_cottage
D:3:      layout_loops_cross, nemelex_spade_bored_becter,
          biasface_ghost_orc_armoury, ebering_ecumenical_altar_mist,
          uniq_jessica
D:4:      layout_basic, serial_shops, kennysheep_little_box

Skill      XL: |  1  2  3  4  5 |
---------------+----------------+-----
Shields        | 4 |  4.6
Armour         | 4 5 |  5.0
Fighting       | 4 |  4.3
Long Blades    | 3 4 |  4.3
Dodging        | 1 |  1.8
Stealth        | |  0.4

Action                   |  1- 3 |  4- 6 || total
-------------------------+-------+-------++-------
Melee: Long sword        |    52 |    84 ||   136
       Headbutt          |     4 |    10 ||    14
  Use: Potion            |     1 |       ||     1
Armor: Scale mail        |    19 |    27 ||    46
       Plate armour      |       |    24 ||    24
Dodge: Dodged            |    33 |    33 ||    66
Block: Buckler           |    12 |    29 ||    41
